 Dungeon Crawl Stone Soup version 0.24.0-5-g267a8d59f4 (webtiles) character file.

Game seed: 9839166107389321222, levelgen mode: deterministic

72616 night the Fighter (level 15, -4/152 HPs)
             Began as a Grey Draconian Earth Elementalist on Nov 1, 2019.
             Was a High Priest of Vehumet.
             Killed from afar by Roxanne (36 damage)
             ... with a bolt of magma
             ... on level 14 of the Dungeon.
             The game lasted 01:35:50 (31409 turns).

night the Fighter (DrEE)                           Turns: 31409, Time: 01:35:51

Health: -4/152     AC: 17    Str: 11      XL:     15   Next: 1%
Magic:  1/41       EV: 12    Int: 20 (21) God:    Vehumet [*****.]
Gold:   1432       SH:  9    Dex: 11 (12) Spells: 14/40 levels left

rFire    . . .     SeeInvis .   b - +1 whip (elec)
rCold    . . .     Gourm    .   E - +0 buckler
rNeg     . . .     Faith    .   (armour unavailable)
rPois    .         Spirit   .   (helmet restricted)
rElec    .         Reflect  +   H - +0 cloak
rCorr    .         Harm     .   (no gloves)
MR       +....                  p - +1 pair of boots
Stlth    ++........             B - +5 amulet of reflection
HPRegen  0.35/turn              Y - ring of wizardry
MPRegen  0.27/turn              Q - ring of magical power

@: about to teleport, very slightly contaminated
A: walk through water, unfitting armour, horns 1, talons 1, deterioration 1,
robust 1, unbreathing, cold-blooded, AC +14
a: Renounce Religion


You were on level 14 of the Dungeon.
You worshipped Vehumet.
Vehumet was extremely pleased with you.
You were not hungry.

You visited 3 branches of the dungeon, and saw 21 of its levels.
You also visited: Ice Cave.

You collected 1477 gold pieces.
You spent 45 gold pieces at shops.

Inventory:

Hand Weapons
 b - a +1 whip of electrocution (weapon)
 m - a +0 hunting sling
 o - a +2 dagger of venom
 V - the +7 hunting sling of Iffeett {freeze, rN+ Dex+4 Stlth-}
   (You found it on level 12 of the Dungeon)

   It causes projectiles fired from it to freeze those they strike, causing
   extra injury to most foes and up to half again as much damage against
   particularly susceptible opponents.
   They can also slow down cold-blooded creatures.
   It affects your dexterity (+4).
   It protects you from negative energy.
   It makes you less stealthy.
Missiles
 d - 703 stones (quivered)
 v - 226 sling bullets
Armour
 p - a +1 pair of boots (worn)
 E - a +0 buckler (worn)
 H - a +0 cloak (worn)
Jewellery
 e - an uncursed ring of ice
 h - an uncursed ring of resist corrosion
 n - a +5 ring of evasion
 B - a +5 amulet of reflection (around neck)
 F - a +3 ring of evasion
 I - an uncursed amulet of faith
 Q - a ring of magical power (right hand)
 U - an uncursed ring of flight
 X - an uncursed ring of wizardry
 Y - a ring of wizardry (left hand)
Wands
 j - a wand of enslavement (2)
 J - a wand of disintegration (11)
 M - a wand of flame (19)
 P - a wand of random effects (23)
 R - a wand of iceblast (15)
Scrolls
 g - a scroll of vulnerability
 k - 5 scrolls of amnesia
 l - 12 scrolls of teleportation
 w - 3 scrolls of brand weapon
 x - 3 scrolls of enchant weapon
 y - 2 scrolls of random uselessness
 z - 13 scrolls of remove curse
 A - 5 scrolls of enchant armour
 C - a scroll of magic mapping
 D - 4 scrolls of fog
 O - 3 scrolls of fear
 W - 3 scrolls of identify
Potions
 f - 3 potions of might
 i - 4 potions of haste
 q - a potion of cancellation {unknown}
 r - 2 potions of heal wounds
 s - 4 potions of flight
 t - a potion of degeneration
 u - a potion of magic
 G - 2 potions of agility
 K - 2 potions of resistance {unknown}
 L - 5 potions of curing
 N - 3 potions of ambrosia
 T - 2 potions of brilliance {unknown}
Miscellaneous
 S - a crystal ball of energy
Comestibles
 c - 40 rations


   Skills:
 + Level 14.9 Fighting
 + Level 7.4 Maces & Flails
 - Level 1.7 Dodging
 - Level 1.7 Stealth
 - Level 4.0 Shields
 * Level 13.1 Spellcasting
 + Level 11.7 Conjurations
 - Level 6.4 Summonings
   Level 1.0 Transmutations
 * Level 10.9 Earth Magic


You had 14 spell levels left.
You knew the following spells:

 Your Spells              Type           Power        Failure   Level  Hunger
a - Sandblast             Erth           ######       1%          1    None
b - Stone Arrow           Conj/Erth      ######       1%          3    None
c - Lee's Rapid Deconstr  Erth           ######....   1%          5    ####...
d - Summon Butterflies    Summ           #####...     1%          1    None
e - Conjure Flame         Conj/Fire      #####...     1%          3    None
f - Spellforged Servitor  Conj/Summ      #####.....   12%         7    #######
g - Iron Shot             Conj/Erth      ######....   1%          6    #####..

Your spell library contained the following spells:

 Spells                   Type           Power        Failure   Level  Hunger
 Corona                   Hex            ##.....      1%          1    None
 Infusion                 Chrm           ##..         1%          1    None
 Magic Dart               Conj           ####         1%          1    None
 Sting                    Conj/Pois      ####         1%          1    None
 Summon Small Mammal      Summ           ####         1%          1    None
 Call Imp                 Summ           #####...     1%          2    None
 Passwall                 Tmut/Erth      #####...     1%          2    None
 Call Canine Familiar     Summ           #####...     1%          3    None
 Inner Flame              Hex/Fire       ##......     1%          3    None
 Mephitic Cloud           Conj/Pois/Air  ####....     1%          3    None
 Summon Guardian Golem    Hex/Summ       ####....     1%          3    None
 Petrify                  Tmut/Erth      #####...     1%          4    None
 Venom Bolt               Conj/Pois      #####.....   1%          5    ####...
 Leda's Liquefaction      Hex/Erth       #####.....   2%          4    None
 Blink                    Tloc           N/A          3%          2    None
 Poisonous Vapours        Pois/Air       ##....       3%          2    None
 Shroud of Golubria       Chrm/Tloc      ##....       3%          2    None
 Slow                     Hex            ##......     3%          2    None
 Song of Slaying          Chrm           ##......     3%          2    None
 Summon Ice Beast         Ice/Summ       ####....     5%          4    None
 Summon Lightning Spire   Summ/Air       ####....     5%          4    None
 Portal Projectile        Hex/Tloc       ##....       6%          3    None
 Regeneration             Chrm/Necr      ##........   6%          3    None
 Spectral Weapon          Hex/Chrm       ##......     6%          3    None
 Olgreb's Toxic Radiance  Pois           ##......     6%          4    None
 Conjure Ball Lightning   Conj/Air       #####.....   8%          6    #####..
 Summon Mana Viper        Hex/Summ       ####....     16%         5    ####...
 Cause Fear               Hex            ##........   21%         4    None
 Silence                  Hex/Air        ##........   45%         5    ####...
 Summon Hydra             Summ           #####.....   71%         7    #######
 Deflect Missiles         Chrm/Air       ##........   95%         6    #####..
 Tornado                  Air            ##........   100%        9    #######


Dungeon Overview and Level Annotations

Branches:
Dungeon (14/15)            Temple (1/1) D:6            Lair (6/6) D:10
  Swamp (0/4) Lair:3       Spider (0/4) Lair:2        Slime (0/5) Lair:6
    Orc (0/2) D:10         Vaults (0/5) D:13          IceCv (visited)

Altars:
Ashenzari
Cheibriados
Dithmenos
Elyvilon
Fedhas
Gozag
Hepliaklqana
Kikubaaqudgha
Makhleb
Nemelex Xobeh
Okawaru
Qazlal
Ru
Sif Muna
Trog
Uskayaw
Vehumet
Wu Jian
Xom
Yredelemnul
Zin
The Shining One
Jiyva

Shops:
D:8 *   D:12 !

Annotations:
D:8 exclusion: oklob plant
D:12 1 transporter
D:14 Roxanne
Lair:1 3 runed translucent doors, Ratty's ghost, novice CeHu
Lair:3 1 runed translucent door, Befuwnopp's ghost, journeyman TrHu
Lair:6 1 runed translucent door, Fashaeth's ghost, adept VSFi


Innate Abilities, Weirdness & Mutations

You can walk through water.
Your dull iron-grey scales are very hard. (AC +14)
You cannot fit into any form of body armour.
You can survive without breathing.
You are cold-blooded and may be slowed by cold attacks.
You have a pair of small horns on your head.
You have sharp toenails.
Your body sometimes deteriorates upon taking damage.
You are robust. (+10% HP)


Message History

The puff of flame hits Roxanne but does no damage.
Roxanne is almost destroyed.
Roxanne mumbles some strange words.
The crystal spear hits you!!!
* * * LOW HITPOINT WARNING * * *
You hear a roar!
Okay, then.
As you read the scroll of teleportation, it crumbles to dust.
You feel strangely unstable.
Casting: Spellforged Servitor (quite dangerous; 12% risk of failure)
Confirm with . or Enter, or press ? or * to list all spells.
Aiming: Sandblast (safe; 1% risk of failure)
Press: ? - help, Shift-Dir - straight line, f/p - Roxanne
Aim: Roxanne (almost destroyed)
The blast of sand hits Roxanne!
Roxanne is almost destroyed.
d - 703 stones Roxanne mumbles some strange words.
The bolt of magma hits you!!!
You die...

#########
#........
#........
#........
#......^.
#........
#######........
####..............
#@...############.
#..8.# #. #....#
#. #.##.# ####.
#.. .# #.... ###
.# #'### # ###


You could see Roxanne.

Vanquished Creatures
  Kirke (D:13)
  Snorg (D:10)
  An ice dragon (Lair:6)
  10 hydras
  3 centaur warriors
  3 two-headed ogres
  A death knight (D:14)
  A catoblepas (Lair:6)
  6 death yaks (Lair:4)
  Nergalle (Lair:3)
  A skeletal warrior (D:14)
  3 unseen horrors
  A necromancer (IceCv)
  3 lindwurms (Lair:6)
  Pikel (D:9)
  An ugly thing (D:11)
  A cyclops (D:9)
  4 manticores
  3 oklob plants (Lair:3)
  5 elephants
  Maurice (D:9)
  4 black mambas
  An eye of devastation (Lair:6)
  2 molten gargoyles (Lair:3)
  5 ice statues (IceCv)
  5 torpor snails (Lair:6)
  4 kobold demonologists
  5 komodo dragons
  9 spiny frogs
  3 rime drakes
  6 ice devils (IceCv)
  A polar bear (Lair:5)
  3 tyrant leeches (Lair:6)
  A troll (D:10)
  A jumping spider (Lair:2)
  4 blink frogs
  7 hornets
  Prince Ribbit (D:5)
  18 hippogriffs
  2 bog bodies (Lair:3)
  17 dream sheep
  4 shadows
  A spriggan (D:7)
  2 wyverns
  A wraith (D:10)
  5 basilisks
  7 yaks
  3 hogs (D:13)
  A vampire (D:14)
  7 humans (D:13)
  A hungry ghost (D:11)
  A vampire mosquito (D:9)
  Menkaure (D:4)
  4 swamp worms (Lair:3)
  An acid dragon (D:12)
  10 water moccasins
  8 porcupines
  7 orc warriors
  3 sky beasts
  2 ice beasts
  A slave (D:9)
  A black bear (D:12)
  6 phantoms
  2 necrophages
  A wolf (Lair:6)
  8 centaurs
  11 ogres
  9 crocodiles
  3 eyes of draining
  6 big kobolds
  A gnoll sergeant (D:8)
  21 bullfrogs
  A wyvern zombie (D:11)
  8 scorpions
  A wyvern skeleton (D:8)
  2 water moccasin skeletons
  4 killer bees
  14 wights
  3 jellies
  2 electric eels
  2 bullfrog zombies
  5 crimson imps
  A draconian simulacrum (IceCv)
  4 lava snakes (Lair:3)
  A quasit (D:10)
  2 bullfrog skeletons
  2 centaur zombies
  A hound (D:9)
  5 iguanas
  13 orc priests
  3 centaur skeletons
  6 hell rats (Lair:6)
  10 worker ants
  14 orc wizards
  A spriggan simulacrum (IceCv)
  4 troll simulacra (IceCv)
  A killer bee zombie (D:6)
  2 centaur simulacra (IceCv)
  A hound zombie (D:8)
  5 gnolls
  11 adders
  2 ogre simulacra (IceCv)
  3 river rats (Lair:6)
  4 shadow imps
  2 adder zombies (D:9)
  2 oozes
  4 adder skeletons
  3 worms
  A dart slug (D:3)
  2 leopard geckos (D:5)
  70 orcs
  6 bats
  6 giant cockroaches
  14 goblins
  5 hobgoblins
  11 jackals
  22 kobolds
  4 quokkas
  A ball python (D:4)
  7 frilled lizards
  A jackal skeleton (D:6)
  A leopard gecko zombie (D:9)
  A quokka skeleton (D:7)
  12 rats
  3 plants
606 creatures vanquished.

Vanquished Creatures (collateral kills)
  A vault guard (D:13)
  A hydra (D:14)
  2 tengu warriors (D:14)
  A lindwurm (Lair:6)
  An ugly thing (D:11)
  A manticore (D:14)
  A kobold demonologist (D:13)
  2 freezing wraiths (D:14)
  A troll (D:13)
  A centaur simulacrum (D:13)
  A vampire (D:13)
  A hog (shapeshifter) (D:13)
  3 humans (D:13)
  A big kobold (D:13)
  A bullfrog (D:13)
  2 orc wizards (D:11)
  An adder (D:11)
  An orc (D:11)
  2 kobolds (D:13)
25 creatures vanquished.

Vanquished Creatures (others)
  A human (D:13)
  2 centaurs
  A lava snake (Lair:3)
  A bush (Lair:4)
  8 plants
13 creatures vanquished.

Grand Total: 644 creatures vanquished

Notes
Turn   | Place    | Note
-------+----------+-------------------------------------------
     0 | D:1      | night the Draconian Earth Elementalist began the quest for
                  | the Orb.
     0 | D:1      | Reached XP level 1. HP: 14/14 MP: 3/3
   299 | D:1      | Reached skill level 1 in Fighting
   299 | D:1      | Reached XP level 2. HP: 15/23 MP: 5/5
   716 | D:1      | Reached XP level 3. HP: 28/28 MP: 6/6
   721 | D:1      | Learned a level 3 spell: Stone Arrow
  1200 | D:2      | Reached skill level 1 in Maces & Flails
  1560 | D:2      | Found a sparkling altar of Nemelex Xobeh.
  1560 | D:2      | Found an opulent altar of Gozag.
  1685 | D:3      | Reached skill level 2 in Fighting
  1685 | D:3      | Reached XP level 4. HP: 36/36 MP: 3/8
  2730 | D:4      | Reached XP level 5. HP: 9/42 MP: 3/9
  3377 | D:4      | Noticed Menkaure
  3398 | D:4      | Reached skill level 3 in Fighting
  3401 | D:4      | Killed Menkaure
  3401 | D:4      | Reached XP level 6. HP: 51/51 MP: 0/11
  3959 | D:4      | Reached skill level 4 in Fighting
  4014 | D:4      | Learned a level 5 spell: Lee's Rapid Deconstruction
  4030 | D:5      | Entered Level 5 of the Dungeon
  4219 | D:5      | Reached skill level 5 in Earth Magic
  4219 | D:5      | Your scales start taking on a dull iron-grey colour.
  4219 | D:5      | Reached XP level 7. HP: 21/60 MP: 2/13
  4219 | D:5      | Gained mutation: You can survive without breathing. [Grey
                  | Draconian growth]
  4699 | D:5      | Reached skill level 5 in Fighting
  5263 | D:5      | Noticed Prince Ribbit
  5268 | D:5      | Killed Prince Ribbit
  5268 | D:5      | Reached skill level 5 in Spellcasting
  5268 | D:5      | Reached XP level 8. HP: 66/70 MP: 4/15
  5876 | D:6      | Reached skill level 6 in Fighting
  5879 | D:6      | Found a staircase to the Ecumenical Temple.
  5902 | Temple   | Entered the Ecumenical Temple
  6020 | Temple   | Became a worshipper of Vehumet
  6041 | D:6      | Found a glowing silver altar of Zin.
  7013 | D:6      | Reached skill level 7 in Fighting
  7367 | D:7      | Reached XP level 9. HP: 79/79 MP: 11/18
  7653 | D:7      | Found a radiant altar of Vehumet.
  7768 | D:7      | Reached * piety under Vehumet
  7768 | D:7      | Offered knowledge of Flame Tongue by Vehumet.
  8200 | D:7      | Reached skill level 8 in Fighting
  8323 | D:8      | Killed an unseen horror
  8323 | D:8      | Reached skill level 10 in Earth Magic
  8450 | D:8      | Learned a level 1 spell: Summon Butterflies
  8453 | D:8      | Found a hazy altar of Hepliaklqana.
  8876 | D:8      | Found a stormy altar of Qazlal.
  8888 | D:8      | Found a shimmering altar of Xom.
  9050 | D:8      | Reached skill level 1 in Shields
  9175 | D:8      | Reached XP level 10. HP: 90/90 MP: 16/21
  9559 | D:8      | Reached ** piety under Vehumet
  9784 | D:8      | Found Goemoer's Assorted Antiques.
  9789 | D:8      | Bought a scroll labeled IRON ZOPRON for 24 gold pieces
  9789 | D:8      | Bought a bubbling pink potion for 21 gold pieces
  9843 | D:8      | Found a blossoming altar of Fedhas.
  9860 | D:8      | Noticed an oklob plant
 10094 | D:9      | Offered knowledge of Shock by Vehumet.
 10169 | D:9      | Reached skill level 9 in Fighting
 10169 | D:9      | Reached skill level 1 in Conjurations
 10399 | D:9      | Noticed Maurice
 10400 | D:9      | Paralysed by Maurice for 7 turns
 10425 | D:9      | Killed Maurice
 10638 | D:9      | Offered knowledge of Inner Flame by Vehumet.
 10765 | D:9      | Reached *** piety under Vehumet
 11139 | D:9      | Reached skill level 10 in Fighting
 11148 | D:9      | Offered knowledge of Airstrike by Vehumet.
 11594 | D:9      | Noticed Pikel
 11634 | D:9      | Killed Pikel
 11634 | D:9      | Reached XP level 11. HP: 83/100 MP: 18/24
 11752 | D:9      | Noticed a five-headed hydra
 11759 | D:9      | Learned a level 3 spell: Conjure Flame
 11767 | D:9      | Killed a five-headed hydra
 11767 | D:9      | Reached skill level 5 in Conjurations
 11847 | D:9      | Gained mutation: You have sharp toenails. [potion of
                  | mutation]
 11847 | D:9      | Gained mutation: Your body sometimes deteriorates upon
                  | taking damage. [potion of mutation]
 11847 | D:9      | Gained mutation: You have a pair of small horns on your
                  | head. [potion of mutation]
 11847 | D:9      | Gained mutation: You are robust. (+10% HP) [potion of
                  | mutation]
 11879 | D:9      | Killed an unseen horror
 12439 | D:10     | Entered Level 10 of the Dungeon
 12439 | D:10     | Noticed Snorg
 12455 | D:10     | Killed Snorg
 12573 | D:10     | Reached skill level 11 in Fighting
 12650 | D:10     | Reached **** piety under Vehumet
 12669 | D:10     | Found a staircase to the Lair.
 12677 | D:10     | Noticed a two-headed ogre
 12696 | D:10     | Killed a two-headed ogre
 12697 | D:10     | Offered knowledge of Lightning Bolt by Vehumet.
 12818 | D:10     | Found a staircase to the Orcish Mines.
 13410 | D:10     | Reached ***** piety under Vehumet
 13410 | D:10     | Offered knowledge of Spellforged Servitor by Vehumet.
 13410 | D:10     | Reached skill level 10 in Spellcasting
 13422 | D:10     | Learned a level 7 spell: Spellforged Servitor
 13991 | Lair:1   | Entered Level 1 of the Lair of Beasts
 13992 | Lair:1   | Found a frozen archway.
 14013 | IceCv    | Entered an ice cave
 15150 | IceCv    | Noticed a necromancer
 15153 | IceCv    | Killed a necromancer
 15153 | IceCv    | Reached XP level 12. HP: 123/123 MP: 22/26
 15676 | IceCv    | Reached skill level 12 in Fighting
 15993 | IceCv    | Identified a scroll of acquirement
 16924 | Lair:1   | Found a runed translucent gate.
 16924 | Lair:1   | Noticed a death ooze
 16925 | Lair:1   | Found a runed translucent gate.
 16932 | Lair:1   | Found a runed translucent gate.
 16933 | Lair:1   | Noticed Ratty's ghost (novice CeHu)
 17770 | Lair:1   | Found a viscous altar of Jiyva.
 18475 | Lair:2   | Noticed a six-headed hydra
 18482 | Lair:2   | Killed a six-headed hydra
 18482 | Lair:2   | Reached skill level 1 in Summonings
 18665 | Lair:2   | Found a hole to the Spider Nest.
 19054 | Lair:3   | Noticed a four-headed hydra
 19061 | Lair:3   | Killed a four-headed hydra
 19117 | Lair:3   | Found a runed translucent door.
 19118 | Lair:3   | Noticed Befuwnopp's ghost (journeyman TrHu)
 19923 | Lair:3   | Noticed Nergalle
 19930 | Lair:3   | Killed Nergalle
 20664 | Lair:3   | Reached XP level 13. HP: 110/130 MP: 9/28
 20734 | Lair:3   | Found a staircase to the Swamp.
 20900 | Lair:3   | Reached skill level 13 in Fighting
 21097 | Lair:4   | Reached skill level 5 in Summonings
 22107 | Lair:4   | Offered knowledge of Throw Icicle by Vehumet.
 22886 | Lair:5   | Reached skill level 10 in Conjurations
 23430 | Lair:6   | Entered Level 6 of the Lair of Beasts
 23607 | Lair:6   | Found a runed translucent door.
 23616 | Lair:6   | Found a shimmering altar of Xom.
 23616 | Lair:6   | Noticed Fashaeth's ghost (adept VSFi)
 23616 | Lair:6   | Identified the cursed +1 scythe of Inference {chaos, rElec
                  | Stlth+}
 24527 | Lair:6   | Got a twisted trident
 24528 | Lair:6   | Identified the +3 trident "Taeqerr" {vamp, rPois MR+ MP+9
                  | SInv} (You found it on level 6 of the Lair of Beasts)
 24846 | Lair:6   | Found a staircase to the Slime Pits.
 25068 | Lair:6   | Reached skill level 14 in Fighting
 25068 | Lair:6   | Reached XP level 14. HP: 39/145 MP: 24/30
 25550 | Lair:6   | Found a runed translucent door.
 25565 | Lair:6   | Reached skill level 5 in Maces & Flails
 25673 | Lair:6   | Paralysed by a hornet for 3 turns
 27009 | Lair:6   | Offered knowledge of Bolt of Cold by Vehumet.
 27034 | Lair:6   | Got an iridescent battleaxe
 27040 | Lair:6   | Identified the +8 battleaxe of Ascent {chop, rPois Int+2}
                  | (You found it on level 6 of the Lair of Beasts)
 28432 | D:12     | Found a shadowy altar of Dithmenos.
 28664 | D:12     | Got a faintly glowing hunting sling
 28665 | D:12     | Identified the +7 hunting sling of Iffeett {freeze, rN+
                  | Dex+4 Stlth-} (You found it on level 12 of the Dungeon)
 28841 | D:12     | Found a transporter.
 28847 | D:12     | Found a shimmering blue altar of Sif Muna.
 28853 | D:12     | Noticed a tengu reaver
 28952 | D:12     | Found Aptuy's Distillery.
 29682 | D:13     | Offered knowledge of Iron Shot by Vehumet.
 29682 | D:13     | Noticed Kirke
 29687 | D:13     | Killed Kirke
 29756 | D:13     | Learned a level 6 spell: Iron Shot
 30651 | D:13     | Found a gate to the Vaults.
 31181 | D:14     | Reached XP level 15. HP: 147/152 MP: 26/32
 31233 | D:14     | Noticed Roxanne
 31409 | D:14     | Killed from afar by Roxanne

Levels and vault maps discovered:
D:1:      scummos_arrival_star, layout_basic
D:2:      layout_basic, grunt_temple_overflow_opulence
D:3:      layout_loops_corners, corexii_item_surrounded_by_moat
D:4:      layout_rooms, minmay_ogre_servants, uniq_menkaure
D:5:      layout_layer_cave, first_ration, uniq_prince_ribbit1
D:6:      layout_loops_cross, lemuel_doored_altar,
          minmay_temple_entry_drinking_statues, grunt_ministairs_10
D:7:      layout_basic, basic_altar, the_bakery
D:8:      layout_cave_pods, gammafunk_temple_overflow_forgotten, serial_shops,
          kennysheep_little_box, tgw_fedhas
D:9:      minmay_the_grid_3x3 [minmay_the_grid_paths,
          minmay_the_grid_broken_lines, minmay_the_grid_medium_cups,
          minmay_the_grid_minigrid_small_alt, minmay_the_grid_fan,
          minmay_the_grid_box_x, minmay_the_grid_holed_spiral,
          minmay_the_grid_expand, minmay_the_grid_prize_inner_circle],
          layout_irregular_city, wad_rectangle_vault, uniq_pikel, uniq_maurice
D:10:     layout_small_grid, lair_entry_dummy, hiddenorc2_lemuel,
          minmay_misc_feat_enclosed, minmay_hedge_maze, uniq_snorg
D:11:     layout_basic
D:12:     gammafunk_sealed_library, layout_basic, serial_shops, shop,
          grunt_dithmenos_smoke_and_mirrors
D:13:     layout_loops_ring, ximxim_vaults_locker_room, uniq_kirke
D:14:     layout_roguey, hex_tiny, nzn_random_ring, uniq_roxanne
Temple:   kb_temple_of_zot
Lair:1:   layout_long_grid, portal_ice_cave_entry_pillars_1,
          gammafunk_ghost_ooze, hibernation_bobbens
Lair:2:   layout_regular_city, spider_nest_entry_rubble, lemuel_fruit_tree,
          serial_bayou_shore_a
Lair:3:   cheibrodos_magma_flow, layout_gridlike,
          nicolae_swamp_entry_splash_gauntlet, gammafunk_ghost_grave,
          minmay_lair_oklob_chamber, uniq_nergalle
Lair:4:   layout_roguey, beast_lair_carwin_11, grunt_megastairs_1
Lair:5:   layout_cave_pods, infiniplex_staircase_pool_2
Lair:6:   wormcave, layout_hall_layers, hangedman_lair_in_review,
          minmay_slime_entry_eyes, ebering_ghost_xom, minivault_25,
          kennysheep_abandoned_house

Skill      XL: |  1  2  3  4  5  6  7  8  9 10 11 12 13 14 |
---------------+-------------------------------------------+-----
Fighting       | 1 2 3 4 5 7 8 10 11 12 14 | 14.9
Maces & Flails | 1 2 4 7 |  7.4
Spellcasting   | 3 4 5 6 7 9 10 11 12 13 | 13.1
Earth Magic    | 4 6 7 8 10 | 10.9
Shields        | 1 4 |  4.0
Conjurations   | 4 7 9 10 11 | 11.7
Summonings     | 4 6 |  6.4
Dodging        | |  1.7
Stealth        | |  1.7
Transmutations | |  1.0

Action                   |  1- 3 |  4- 6 |  7- 9 | 10-12 | 13-15 || total
-------------------------+-------+-------+-------+-------+-------++-------
Melee: Unarmed           |    35 |       |       |       |       ||    35
       Whip              |    60 |   130 |   167 |   499 |   320 ||  1176
       Tailslap          |     4 |    10 |    17 |    60 |    42 ||   133
       Headbutt          |       |       |       |    44 |    55 ||    99
       Trident           |       |       |       |       |    10 ||    10
 Fire: Hunting sling     |       |       |       |       |    12 ||    12
 Cast: Sandblast         |     8 |     4 |    26 |    20 |    11 ||    69
       Stone Arrow       |     3 |    28 |    94 |   307 |   436 ||   868
       Lee's Rapid Decon |       |       |     5 |    13 |    25 ||    43
       Conjure Flame     |       |       |       |    10 |    11 ||    21
       Summon Butterflie |       |       |       |     4 |     1 ||     5
       Spellforged Servi |       |       |       |       |     8 ||     8
       Iron Shot         |       |       |       |       |     6 ||     6
Evoke: Wand              |       |       |     2 |     5 |     7 ||    14
  Use: Scroll            |     4 |     3 |     6 |    11 |     4 ||    28
       Potion            |       |     1 |     1 |     9 |     1 ||    12
 Stab: Sleeping          |     5 |     5 |       |     2 |     1 ||    13
       Petrified         |       |       |       |       |     2 ||     2
       Distracted        |       |       |       |       |     2 ||     2
  Eat: Chunk             |     3 |    11 |    17 |    29 |    41 ||   101
       Ration            |       |       |     1 |     3 |     1 ||     5
Armor: Skin              |    24 |    40 |    84 |   229 |   201 ||   578
Dodge: Dodged            |    69 |    94 |    91 |   270 |   203 ||   727
Block: Other             |       |       |    17 |       |       ||    17
       Buckler           |       |       |     4 |   251 |   207 ||   462
       Reflection        |       |       |       |    10 |    18 ||    28
